 Dungeon Crawl Stone Soup version 0.27.0-65-ge2af304b15 (webtiles) character file.

Game seed: 2195795133378887324

392 Malachi the Ruffian (level 6, -4/55 HPs)
             Began as a Troll Hunter on Aug 19, 2021.
             Succumbed to a goblin's poison
             ... on level 3 of the Dungeon.
             The game lasted 00:03:31 (2338 turns).

Malachi the Ruffian (Troll Hunter)                  Turns: 2338, Time: 00:03:31

Health: -4/55      AC:  4    Str: 23    XL:     6   Next: 50%
Magic:  5/5        EV:  9    Int:  7    God:
Gold:   95         SH:  0    Dex: 10    Spells: 5/5 levels left

rFire    . . .     SeeInvis .     - Unarmed
rCold    . . .     Faith    .   (no shield)
rNeg     . . .     Spirit   .   b - +0 robe
rPois    +         Reflect  .   (helmet restricted)
rElec    .         Harm     .   (no cloak)
rCorr    .         Rampage  .   (gloves unavailable)
Will     .....                  (boots unavailable)
Stlth    +.........             (no amulet)
HPRegen  1.18/turn              g - ring of poison resistance
MPRegen  0.09/turn              (no ring)

@: lethally poisoned (-4 -> -18), attractive, flying
A: large, unfitting armour, claws 3, regeneration 1, shaggy fur 1, tough skin 1
a: no special abilities


You were on level 3 of the Dungeon.
You visited 1 branch of the dungeon, and saw 3 of its levels.

You collected 95 gold pieces.

Inventory:

Missiles
 c - 2 large rocks (quivered)
 d - 2 throwing nets
 s - 8 poisoned darts
Armour
 b - a +0 robe (worn)
Jewellery
 a - a ring of fire
 g - a ring of poison resistance (left claw)
 k - a ring of protection from cold
 l - a +6 ring of intelligence
 m - an amulet of regeneration
 r - a +6 ring of dexterity
Wands
 n - a wand of iceblast (8)
Scrolls
 o - a scroll of magic mapping
 p - a scroll of summoning {unknown}
Potions
 e - a potion of flight
 h - a potion of might {unknown}
 i - a potion of lignification {unknown}
 j - a potion of brilliance {unknown}
 q - a potion of invisibility {unknown}


   Skills:
 - Level 1.6 Fighting
 - Level 3.9 Throwing
 - Level 1.5 Dodging
 - Level 0.5 Stealth
 * Level 6.3 Unarmed Combat


You had 5 spell levels left.
You didn't know any spells.
Your spell library was empty.

Dungeon Overview and Level Annotations

Branches:
Dungeon (3/15)

Altars:
Dithmenos
Fedhas
Kikubaaqudgha
Uskayaw
Zin
The Shining One

Shops:
D:1 :?

Annotations:
D:3 1 transporter, smzp's ghost, amateur DsVM


Innate Abilities, Weirdness & Mutations

You are too large for most types of armour.
You have claws for hands.
Your natural rate of healing is unusually fast.
You are covered in fur. (AC +1)
You have tough skin. (AC +1)


Message History

The quokka barely misses you. The goblin hits you but does no damage.
The ball python barely misses you. Smzp's ghost hits you.
The quokka closely misses you.
Throw: 3 large rocks
Press: ? - help, Q - select action, (/) - cycle Shift-Dir - straight line, f/p - smzp's ghost
Aim: smzp's ghost, wielding a weapon of venom (47% to hit)
You throw a large rock.
The large rock barely misses smzp's ghost.
You feel very sick. The ball python bites you.
* * * LOW HITPOINT WARNING * * *
The goblin closely misses you.
Smzp's ghost points at you and mumbles some strange words.
The sting hits you.
You are more poisoned.
* * * LOW HITPOINT WARNING * * *
The quokka misses you. The ball python bites you.
* * * LOW HITPOINT WARNING * * *
The goblin hits you with a +1 dagger of venom.
* * * LOW HITPOINT WARNING * * *
You are lethally poisoned!
Smzp's ghost hits you.
* * * LOW HITPOINT WARNING * * *
The quokka bites you.
* * * LOW HITPOINT WARNING * * *
The ball python bites you but does no damage.
It was a potion of flight.
You feel very buoyant.
You fly up into the air.
* * * LOW HITPOINT WARNING * * *
You feel very sick.
The goblin hits you with a +1 dagger of venom.
* * * LOW HITPOINT WARNING * * *
You are more poisoned.
Smzp's ghost hits you but does no damage.
The quokka bites you but does no damage.
The ball python bites you but does no damage.
It was a potion of attraction.
You feel attractive to monsters.
You die...

#.# '.# ###
#################
.#..............#
>#..............#####
.#............©.....##
.'........#########..#
##.......##8(.[S@8##.#
##.......#.....rWg.#.#
.'.......#.........#.#
##.......#.........#.#
#######.#....©....#.#
#.#.........#.#
#.#.[.....$.#.#
########.#......(.©#.#
#...<....##8$....8##.#


You could see smzp's ghost, a quokka, a goblin and a ball python.

Vanquished Creatures
  Sigmund (D:2)
  A black bear (D:3)
  A bullfrog skeleton (D:3)
  An orc priest (D:3)
  2 adders
  8 orcs (D:3)
  5 endoplasms
  3 giant cockroaches
  6 goblins
  A hobgoblin (D:2)
  9 jackals
  2 quokkas
  5 ball pythons (D:1)
  8 bats
  2 frilled lizards
  4 kobolds
  4 rats
63 creatures vanquished.

Vanquished Creatures (others)
  A plant (D:1)
1 creature vanquished.

Grand Total: 64 creatures vanquished

Notes
Turn   | Place    | Note
-------+----------+-------------------------------------------
     0 | D:1      | Malachi the Troll Hunter began the quest for the Orb.
     0 | D:1      | Reached XP level 1. HP: 19/19 MP: 0/0
   145 | D:1      | Found a faded altar of an unknown god.
   150 | D:1      | Found Roavil's Book Emporium.
   185 | D:1      | Reached XP level 2. HP: 27/27 MP: 1/1
   214 | D:1      | Found Jiwuaka's Magic Scroll Boutique.
   241 | D:1      | Reached skill level 1 in Unarmed Combat
   640 | D:2      | Reached XP level 3. HP: 33/33 MP: 2/2
   645 | D:2      | Noticed Sigmund
   649 | D:2      | Killed Sigmund
   650 | D:2      | Reached skill level 4 in Unarmed Combat
   650 | D:2      | Reached XP level 4. HP: 41/41 MP: 3/3
   650 | D:2      | Reached XP level 5. HP: 48/48 MP: 4/4
  1197 | D:2      | Reached skill level 5 in Unarmed Combat
  1311 | D:3      | Found a transporter.
  1311 | D:3      | Noticed smzp's ghost (amateur DsVM)
  1317 | D:3      | Found a transporter.
  1450 | D:3      | Reached XP level 6. HP: 23/55 MP: 5/5
  1683 | D:3      | Found a glowing golden altar of the Shining One.
  1859 | D:3      | Found a shadowy altar of Dithmenos.
  1868 | D:3      | Found a hide-covered altar of Uskayaw.
  1915 | D:3      | Found a glowing silver altar of Zin.
  1917 | D:3      | Found an ancient bone altar of Kikubaaqudgha.
  1973 | D:3      | Found a blossoming altar of Fedhas.
  1985 | D:3      | Reached skill level 6 in Unarmed Combat
  2337 | D:3      | HP: 2/55 [poisoned by a goblin]
  2338 | D:3      | Succumbed to a goblin's poison

Illustrated notes

Levels and vault maps discovered:
D:1:      eino_arrival_tree_alley, layout_rooms, serial_shops, shop, shop,
          basic_ecumenical_altar, serial_forest, infiniplex_forest_zigzag_1,
          infiniplex_forest_zigzag_2, infiniplex_forest_zigzag_1,
          infiniplex_forest_lined_corner, infiniplex_forest_clump_C,
          infiniplex_forest_end_1, infiniplex_forest_clump_medium,
          serial_bayou_crossing
D:2:      layout_basic, minmay_pentomino_s4, uniq_sigmund
D:3:      layout_basic, fedhas_altar_1, mainiacjoe_overflow_24_doors,
          mainiacjoe_overflow_swirl, minitemple, gammafunk_ghost_arena

Skill      XL: |  1  2  3  4  5  6 |
---------------+-------------------+-----
Unarmed Combat | 1 4 5 6 |  6.3
Fighting       | |  1.6
Throwing       | |  3.9
Dodging        | |  1.5
Stealth        | |  0.5

Action                   |  1- 3 |  4- 6 || total
-------------------------+-------+-------++-------
Melee: Unarmed           |    83 |    86 ||   169
       Punch             |       |     1 ||     1
Throw: Large rock        |     3 |     3 ||     6
  Use: Scroll            |       |     2 ||     2
       Potion            |       |     2 ||     2
 Stab: Sleeping          |     1 |     1 ||     2
Armor: Robe              |    41 |    38 ||    79
Dodge: Dodged            |    39 |    51 ||    90
